 Dungeon Crawl Stone Soup version 0.32-a0-696-g5fa0bccb63 (webtiles) character file.

Game seed: 16933739940065253341

175353 IndexError the Grappler (level 17, -11/176 HPs)
             Began as a Troll Gladiator on Mar 13, 2024.
             Was the Champion of the Shining One.
             Hit by a javelin thrown by a merfolk javelineer (25 damage)
             ... on level 4 of the Shoals.
             The game lasted 01:37:39 (28890 turns).

IndexError the Grappler (Troll Gladiator)          Turns: 28890, Time: 01:37:40

Health: -11/176    AC: 10    Str: 26    XL:     17   Next: 47%
Magic:  18/25      EV: 13    Int: 13    God:    the Shining One [******]
Gold:   1655       SH: 22    Dex: 15    Spells: 8/16 levels left

rFire   . .          .
                       - Unarmed
rCold   + . .        i - +5 kite shield of Tartarus {rC+ Int+3}
rNeg    + + +        w - +2 robe {Will+}
rPois   +            m - +1 hat "Geur" {rPois Will+ Dex+4}
rElec   .            E - +2 cloak {Stlth+}
rCorr   .            (gloves unavailable)
SInv    .            (boots unavailable)
Will    ++++.        S - amulet of reflection
Stlth   +            p - ring of willpower
HPRegen 1.29/turn    h - +5 ring of evasion
MPRegen 0.19/turn

%: reflection
@: glowing
A: large, unfitting armour, claws 3, regeneration 1, shaggy fur 1, tough skin 1
a: Renounce Religion, Divine Shield, Cleansing Flame, Summon Divine Warrior,
Brand Weapon With Holy Wrath


You were on level 4 of the Shoals.
You worshipped the Shining One.
The Shining One was exalted by your worship.
You visited 5 branches of the dungeon, and saw 27 of its levels.
You also visited: Bailey and Gauntlet.

You collected 2389 gold pieces.
You spent 734 gold pieces at shops.

Inventory:

Missiles
 c - 10 throwing nets {=f, !d}
 f - 25 boomerangs (quivered)
 k - 23 curare-tipped darts
 u - 24 large rocks {!d}
 D - 9 silver javelins
 Q - 49 poisoned darts
 R - 13 javelins
Armour
 i - the +5 kite shield of Tartarus (worn) {rC+ Int+3}
   (You took it off Donald on level 2 of the Orcish Mines)

   Int+3:     It affects your intelligence (+3).
   rC+:       It protects you from cold.
 m - the +1 hat "Geur" (worn) {rPois Will+ Dex+4}
   (You found it in a Gauntlet)

   Dex+4:     It affects your dexterity (+4).
   rPois:     It protects you from poison.
   Will+:     It increases your willpower.
 w - a +2 robe of willpower (worn)
   (You took it off an orc wizard on level 5 of the Dungeon)
 y - +0 acid dragon scales
   (You took it off Maggie on level 7 of the Dungeon)
 E - a +2 cloak of stealth (worn)
   (You took it off Crazy Yiuf on level 7 of the Dungeon)
Jewellery
 a - a ring of willpower
   (You found it in a Gauntlet)
 h - a +5 ring of evasion (right claw)
   (You found it on level 1 of the Dungeon)
 p - a ring of willpower (left claw)
   (You found it on level 3 of the Dungeon)
 F - the ring "Toxexkagh" {rC++ Str-2 Dex+6}
   (You found it in a Gauntlet)

   [ring of dexterity]

   Str-2:     It affects your strength (-2).
   Dex+6:     It affects your dexterity (+6).
   rC++:      It greatly protects you from cold.
 G - a ring of flight {+Fly, !d}
   (You found it on level 8 of the Dungeon)
 I - the ring of Eleeprao {rF++ rC- rN+ Str+6 SInv}
   (You took it off a merfolk siren on level 4 of the Shoals)

   [ring of strength]

   Str+6:     It affects your strength (+6).
   rF++:      It greatly protects you from fire.
   rC-:       It makes you vulnerable to cold.
   rN+:       It protects you from negative energy.
   SInv:      It lets you see invisible.
 S - an amulet of reflection (around neck)
   (You bought it in a shop on level 9 of the Dungeon)
 U - an amulet of regeneration {+regen, !d}
   (You found it on level 4 of the Lair of Beasts)
Talismans
 C - a granite talisman
   (You took it off Roxanne on level 1 of the Shoals)
Wands
 g - a wand of warping (32)
   (You found it on level 1 of the Lair of Beasts)
 q - a wand of mindburst (6)
   (You found it on level 1 of the Lair of Beasts)
 x - a wand of light (7)
   (You found it on level 7 of the Dungeon)
 z - a wand of flame (45)
   (You took it off an orc priest on level 7 of the Dungeon)
 N - a wand of paralysis (11)
   (You took it off Harold on level 9 of the Dungeon)
 P - a wand of digging (7)
   (You found it on level 14 of the Dungeon)
Scrolls
 b - 6 scrolls of identify
 d - 2 scrolls of blinking {!r}
 e - 11 scrolls of teleportation
 n - a scroll of silence
 t - 3 scrolls of fog
 B - 3 scrolls of immolation {!r}
 H - a scroll of revelation
 O - a scroll of vulnerability {!r!r}
 T - a scroll of poison {!r}
 X - 2 scrolls of butterflies
 Z - a scroll of fear
Potions
 j - 2 potions of resistance
 l - 7 potions of curing
 o - 4 potions of attraction {!q}
 r - 3 potions of mutation {!q}
 s - 2 potions of brilliance
 v - a potion of might
 A - 2 potions of haste
 K - 5 potions of heal wounds
 L - 2 potions of enlightenment
 M - 4 potions of berserk rage {!q}
 V - 2 potions of cancellation
 Y - a potion of ambrosia
Miscellaneous
 J - a lightning rod (4/4)
   (You found it on level 13 of the Dungeon)
 W - a condenser vane
   (You found it on level 5 of the Lair of Beasts)


   Skills:
 - Level 13.0 Fighting
 - Level 12.0 Throwing
 + Level 4.1 Armour
 - Level 2.4 Dodging
 - Level 12.0 Shields
 - Level 13.0 Unarmed Combat
 - Level 7.0 Hexes
 - Level 7.0 Translocations
 - Level 12.0 Invocations


You had 8 spell levels left.
You knew the following spells:

 Your Spells              Type           Power      Damage    Failure   Level
a - Dimensional Bullseye  Hex/Tloc       9%         N/A       26%         4
b - Manifold Assault      Tloc           18%        N/A       26%         4

Your spell library contained the following spells:

 Spells                   Type           Power      Damage    Failure   Level
 Apportation              Tloc           36%        N/A       2%          1
 Slow                     Hex            72%        N/A       2%          1
 Jinxbite                 Hex            36%        N/A       4%          2
 Confusing Touch          Hex            18%        N/A       9%          3
 Sigil of Binding         Hex            18%        N/A       9%          3
 Tukima's Dance           Hex            18%        N/A       9%          3
 Ensorcelled Hibernation  Hex/Ice        18%        N/A       17%         2
 Passage of Golubria      Tloc           18%        N/A       26%         4
 Inner Flame              Hex/Fire       9%         N/A       34%         3
 Volatile Blastmotes      Fire/Tloc      18%        2d11      34%         3
 Foxfire                  Conj/Fire      0%         2x1d4     43%         1
 Necrotise                Necr           0%         1d4       43%         1
 Shock                    Conj/Air       0%         1d3       43%         1
 Sting                    Conj/Alch      0%         1d3       43%         1
 Summon Small Mammal      Summ           0%         N/A       43%         1
 Scorch                   Fire           0%         2d5       58%         2
 Iskenderun's Mystic Bla  Conj/Tloc      9%         2d4       75%         4
 Call Canine Familiar     Summ           0%         N/A       82%         3
 Frozen Ramparts          Ice            0%         1d1       82%         3
 Fugue of the Fallen      Necr           0%         N/A       82%         3
 Ozocubu's Armour         Ice            0%         N/A       82%         3
 Passwall                 Erth           0%         N/A       82%         3
 Swiftness                Air            0%         N/A       82%         3
 Vampiric Draining        Necr           0%         2d6       82%         3
 Metabolic Englaciation   Hex/Ice        4%         N/A       97%         5
 Summon Mana Viper        Hex/Summ       9%         N/A       97%         5
 Yara's Violent Unravell  Hex/Alch       4%         3d4       97%         5
 Airstrike                Air            0%         2d(0-16)  99%         4
 Animate Armour           Summ/Erth      0%         N/A       99%         4
 Brom's Barrelling Bould  Conj/Erth      0%         2d3       99%         4
 Flame Wave               Conj/Fire      0%         2d4       99%         4
 Leda's Liquefaction      Alch/Erth      0%         N/A       99%         4
 Olgreb's Toxic Radiance  Alch           0%         N/A       99%         4
 Summon Lightning Spire   Summ/Air       0%         N/A       99%         4
 Fireball                 Conj/Fire      0%         3d3       100%        5
 Iskenderun's Battlesphe  Conj           0%         2d6       100%        5
 Conjure Ball Lightning   Conj/Air       0%         3x3d6     100%        6
 Plasma Beam              Fire/Air       0%         2x1d10    100%        6
 Summon Cactus Giant      Summ           0%         N/A       100%        6
 Enfeeble                 Hex            9%         N/A       100%        7
 Orb of Destruction       Conj           0%         9d5       100%        7
 Discord                  Hex            9%         N/A       100%        8
 Disjunction              Tloc           9%         N/A       100%        8


Dungeon Overview and Level Annotations

Branches:
Dungeon (15/15)            Temple (1/1) D:6            Lair (5/5) D:9
 Shoals (4/4) Lair:2        Snake (0/4) Lair:3        Slime (0/5) Lair:5
    Orc (2/2) D:9             Elf (0/3) Orc:2        Vaults (0/5) D:14
 Depths (0/4) D:15         Bailey (visited)         Gauntlet (visited)

Altars:
Ashenzari
Cheibriados
Dithmenos
Elyvilon
Fedhas
Gozag
Hepliaklqana
Kikubaaqudgha
Makhleb
Nemelex Xobeh
Okawaru
Qazlal
Ru
Sif Muna
Trog
Uskayaw
Vehumet
Wu Jian
Xom
Yredelemnul
Zin
The Shining One
Beogh
Lugonu

Shops:
D:3 :   D:9 *[[=   D:13 *   Orc:2 [?!!*   Shoals:1 =

Portals:
Abyss: Lair:5


Innate Abilities, Weirdness & Mutations

You are too large for most types of armour.
You have claws for hands.
Your natural rate of healing is unusually fast.
You are covered in fur. (AC +1)
You have tough skin. (AC +1)


Message History

You mangle the merfolk impaler!!
The merfolk impaler hits you from afar with a +2 demon trident of electrocution!
You block the merfolk impaler's attack. x2
You take 13 damage, and have 134/176 hp.
You eviscerate the merfolk impaler!!!
The merfolk impaler hits you from afar with a +2 demon trident of electrocution.
The merfolk impaler hits you with a +0 heavy trident!
You take 8 damage, and have 126/176 hp.
You scratch the merfolk impaler.
You block the merfolk impaler's attack. x3
You closely miss the merfolk impaler. The merfolk impaler barely misses you.
You block the merfolk impaler's attack.
You mangle the merfolk impaler!!
You hear a splash. x2
You block the merfolk impaler's attack. x2
Your Armour skill increases to level 4!
The air elemental fires a burst of electricity at you.
The stunning burst hits you!
You suddenly lose the ability to move!
The merfolk impaler attacks as it pursues you!
The merfolk impaler hits you from afar with a +2 demon trident of electrocution.
You are electrocuted!
The air elemental hits you but does no damage.
The merfolk impaler hits you but does no damage.
You are electrocuted!
You can move again.
You take 40 damage, and have 89/176 hp.
MASSIVE DAMAGE!!
You mangle the air elemental!! You block the air elemental's attack.
The air elemental fires a burst of electricity at you.
The stunning burst hits you.
You shrug off the repeated paralysis!
You block the merfolk impaler's attack.
You take 1 damage, and have 88/176 hp.
You closely miss the air elemental. The air elemental barely misses you.
You block the air elemental's attack. You block the merfolk impaler's attack.
You closely miss the air elemental. The air elemental barely misses you.
The air elemental hits you!
You block the merfolk impaler's attack. x2
You take 7 damage, and have 82/176 hp.
You miss the air elemental.
The air elemental hits you but does no damage.
The air elemental fires a burst of electricity at you.
The stunning burst hits you!
You shrug off the repeated paralysis!
You block the merfolk impaler's attack.
The air elemental fires a burst of electricity at you.
The stunning burst misses you.
You take 9 damage, and have 73/176 hp.
You miss the air elemental.
The air elemental fires a burst of electricity at you.
The stunning burst hits you but does no damage.
You suddenly lose the ability to move!
The merfolk impaler hits you from afar with a +2 demon trident of electrocution!
The air elemental hits you but does no damage.
The merfolk impaler hits you from afar with a +2 demon trident of electrocution.
The air elemental fires a burst of electricity at you.
The stunning burst hits you. The air elemental hits you.
The merfolk impaler hits you from afar with a +2 demon trident of electrocution.
* * * LOW HITPOINT WARNING * * *
You are electrocuted!!
* * * LOW HITPOINT WARNING * * *
The merfolk impaler hits you but does no damage.
You can move again.
You take 40 damage, and have 33/176 hp.
MASSIVE DAMAGE!!
You mangle the air elemental!! The merfolk impaler closely misses you.
The merfolk impaler barely misses you.
The merfolk impaler hits you with a +2 demon trident of electrocution!!
* * * LOW HITPOINT WARNING * * *
You take 17 damage, and have 17/176 hp.
You feel much better.
You regained 22 hp, and now have 39/176 hp.
You are momentarily dazzled by a brilliant light.
The merfolk impaler hits you with a +2 demon trident of electrocution.
* * * LOW HITPOINT WARNING * * *
You block the merfolk impaler's attack.
You take 2 damage, and have 37/176 hp.
You now have 17/25 mp.
You block the merfolk impaler's attack. x2
Your daeva calls down the wrath of the Shining One upon the merfolk impaler.
The merfolk impaler is smitten.
You regained 2 hp, and now have 39/176 hp.
You see here a +0 trident.
The merfolk impaler hits you from afar with a +2 demon trident of electrocution.
* * * LOW HITPOINT WARNING * * *
You are electrocuted!
* * * LOW HITPOINT WARNING * * *
You take 22 damage, and have 18/176 hp.
Blink to where?
Press: ? - help, Dir - move target, p - merfolk impaler Splash!
As you read the scroll of blinking {!r}, it crumbles to dust.
Your daeva calls down the wrath of the Shining One upon the merfolk impaler.
The merfolk impaler is smitten.
You regained 2 hp, and now have 20/176 hp.
A merfolk javelineer and a merfolk come into view.
The merfolk javelineer is wielding a +1 heavy spear.
The merfolk javelineer shouts!
The merfolk javelineer throws a javelin.
The javelin pierces through you!
* * * LOW HITPOINT WARNING * * *
A water elemental comes into view.
You take 9 damage, and have 11/176 hp.
The merfolk shouts!
The merfolk javelineer throws a javelin.
The javelin pierces through you!!
You die...

. #..##..# ~..#).#
.. #...#..~~~..#).#
... #.~.#..~~~..#†.#
#..#~~~#.#~~~..#)÷#
#..~~~~#.#~#~#.#÷.#
#.~~~~)#.~~~~~.#..#
#.~~~#~#.~#..~.#..#
~~~~~##~†.~.[~~....#
~~~~~ #))A~.)~~@...#
~#.~ #~#.~.~#~.#..#
#.~~~~~#.~~m~~.#..#
#..~~~~#.#~#~~.#..#
#.)#~~~#.#~.~#.#..#
... #.~.#..~~~..#..#
.. #...#..E~~.m#..#
. #..##m..~~..# ..~
#...#...#


You could see a merfolk impaler (ally target), a merfolk javelineer, a merfolk,
a water elemental and a friendly daeva (summoned).

Vanquished Creatures
  Mlioglotl (Shoals:3)
  Kirke (Shoals:1)
  Roxanne (Shoals:1)
  Donald (Orc:2)
  An ironbound preserver (D:14)
  A formless jellyfish (Shoals:4)
  Azrael (Orc:2)
  A minotaur (Gauntlet)
  4 merfolk javelineers
  Fannar (Lair:1)
  Josephine (Orc:2)
  A great orb of eyes (D:15)
  6 merfolk impalers
  Erolcha (D:13)
  2 hydras
  2 entropy weavers
  A rakshasa (D:15)
  Harold (D:9)
  2 vault guards (Bailey)
  A catoblepas (Lair:5)
  2 merfolk avatars
  4 merfolk aquamancers
  5 centaur warriors
  Erica (D:9)
  An alligator snapping turtle (Shoals:2)
  3 two-headed ogres
  2 boulder beetles
  A tengu warrior (D:13)
  A death yak (D:9)
  The ghost of hattey the Skirmisher, a novice HuWn of Okawaru (D:8)
  3 satyrs
  2 occultists (Gauntlet)
  2 thrashing horrors (Lair:5)
  3 orc high priests (Orc:2)
  Urug (D:13)
  Sonja (Lair:1)
  Nergalle (Lair:1)
  A sixfirhy (D:13)
  7 skysharks
  22 sea snakes
  19 harpies
  Pikel (D:7)
  6 orc knights
  A large abomination (Gauntlet)
  19 ugly things
  A wolf spider (Gauntlet)
  10 manticores
  19 fauns
  5 orc sorcerers (Orc:2)
  5 cyclopes
  4 kobold blastminers
  19 elephants
  12 merfolk sirens
  A meliai (shapeshifter) (Lair:5)
  2 torpor snails
  9 water nymphs
  2 smoke demons
  3 black mambas (Lair:4)
  2 unseen horrors
  A gargoyle (D:13)
  2 orange demons (D:14)
  14 cane toads
  2 molten gargoyles (Lair:3)
  An ice statue (Gauntlet)
  Jeremiah (D:7)
  5 rime drakes
  2 spectral unseen horrors (D:8)
  Psyche (D:8)
  2 kobold demonologists (D:12)
  Maggie (D:7)
  3 tengu conjurers
  A freezing wraith (D:13)
  6 komodo dragons
  9 trolls
  11 wind drakes
  A hornet (D:10)
  Prince Ribbit (D:8)
  A hellwing (D:13)
  30 merfolk
  2 raiju
  17 blink frogs
  7 snapping turtles
  4 polar bears
  2 dream sheep (Lair:4)
  A dream sheep (shapeshifter) (D:14)
  19 slime creatures
  A centaur simulacrum (D:15)
  3 ynoxinuls
  3 air elementals (Shoals:4)
  A jumping spider (Gauntlet)
  2 spriggans (Lair:5)
  4 fire elementals (Orc:2)
  43 yaks
  17 small abominations
  2 wyverns
  2 shadows
  7 hogs (Shoals:1)
  6 humans (Bailey)
  5 wraiths
  9 basilisks
  18 water elementals
  Grum (D:8)
  4 wargs
  2 steam dragons
  A redback (Gauntlet)
  10 vampire mosquitoes
  4 chaos spawn (Lair:5)
  3 nagas (Lair:3)
  Duvessa (D:7)
  2 swamp worms
  17 water moccasins
  2 acid dragons
  2 hell hounds (Orc:2)
  19 orc warriors
  4 black bears
  A sky beast (D:6)
  An ice beast (D:7)
  9 laughing skulls
  6 centaurs
  5 ogres
  33 wolves
  A phantom (D:6)
  A weeping skull (D:12)
  A lemure (D:7)
  5 kobold brigands
  14 bullfrogs
  3 gnoll sergeants
  2 scorpions (D:5)
  4 wights
  Dowan (D:7)
  19 killer bees
  4 electric eels (D:13)
  4 howler monkeys (D:10)
  4 lava snakes (Lair:3)
  A centaur zombie (D:8)
  Crazy Yiuf (D:7)
  2 hounds
  2 jellies
  19 orc priests
  A gnoll bouda (D:6)
  3 iguanas
  2 sleepcaps
  26 orc wizards
  18 gnolls
  8 adders
  3 shadow imps (Gauntlet)
  3 white imps
  4 ufetubi (D:6)
  2 ribbon worms
  A dart slug (D:3)
  65 orcs
  10 ball pythons
  6 endoplasms
  4 giant cockroaches
  11 goblins
  13 hobgoblins
  9 jackals
  31 kobolds
  2 quokkas (D:4)
  6 bats
  12 rats
  A spectral orc (D:12)
961 creatures vanquished.

Vanquished Creatures (others)
  Nessos (D:12)
  A rime drake (Gauntlet)
  2 water elementals (Shoals:4)
  A lava snake (Lair:3)
  A kobold (D:9)
6 creatures vanquished.

Grand Total: 967 creatures vanquished

Notes
Turn   | Place    | Note
-------+----------+-------------------------------------------
     0 | D:1      | IndexError the Troll Gladiator began the quest for the Orb.
     0 | D:1      | Reached XP level 1. HP: 19/19 MP: 0/0
    82 | D:1      | Reached skill level 2 in Throwing
    92 | D:1      | Reached XP level 2. HP: 28/28 MP: 1/1
   285 | D:1      | Reached skill level 2 in Fighting
   527 | D:2      | Reached XP level 3. HP: 35/35 MP: 2/2
   877 | D:2      | Noticed an ogre
   914 | D:2      | Killed an ogre
   915 | D:2      | Reached skill level 3 in Throwing
   915 | D:2      | Reached skill level 4 in Unarmed Combat
   915 | D:2      | Reached XP level 4. HP: 24/44 MP: 3/3
   915 | D:2      | Reached XP level 5. HP: 29/52 MP: 4/4
  1534 | D:3      | Found Nafuom's Book Boutique.
  1534 | D:3      | Noticed a walking divine tome
  1536 | D:3      | Noticed a walking crystal tome
  1613 | D:3      | Found a broken altar of Ashenzari.
  1780 | D:3      | Reached skill level 3 in Fighting
  2059 | D:4      | Found a shadowy altar of Dithmenos.
  2452 | D:4      | Identified the +0 plate armour "Jadimo" {+Inv rF+ rCorr}
  2523 | D:4      | Found a glowing silver altar of Zin.
  2818 | D:5      | Entered Level 5 of the Dungeon
  2849 | D:5      | Noticed a water moccasin
  2857 | D:5      | Killed a water moccasin
  2858 | D:5      | Reached XP level 6. HP: 54/61 MP: 5/5
  2941 | D:5      | Found a shimmering blue altar of Sif Muna.
  2998 | D:5      | Reached skill level 4 in Throwing
  3000 | D:5      | Reached skill level 5 in Unarmed Combat
  3020 | D:5      | Noticed an orc warrior
  3260 | D:5      | Reached XP level 7. HP: 68/68 MP: 6/6
  3435 | D:5      | Reached skill level 4 in Fighting
  3657 | D:6      | Reached skill level 6 in Unarmed Combat
  3684 | D:5      | Reached skill level 5 in Fighting
  3768 | D:6      | Reached XP level 8. HP: 76/80 MP: 7/7
  3847 | D:6      | Found a staircase to the Ecumenical Temple.
  3855 | Temple   | Entered the Ecumenical Temple
  3897 | Temple   | Became a worshipper of the Shining One
  4275 | D:6      | Reached skill level 7 in Unarmed Combat
  4520 | D:6      | Reached skill level 6 in Fighting
  4657 | D:7      | Reached * piety under the Shining One
  4722 | D:7      | HP: 20/83 [orc priest/divine providence (11)]
  4723 | D:7      | Noticed Jeremiah
  4723 | D:7      | HP: 5/83 [orc warrior/+0 dire flail (16)]
  4732 | D:7      | Noticed Maggie
  4782 | D:6      | Reached skill level 8 in Unarmed Combat
  4826 | D:7      | Killed Maggie
  4827 | D:7      | Reached XP level 9. HP: 90/92 MP: 8/8
  4996 | D:7      | Killed Jeremiah
  4997 | D:7      | Reached skill level 7 in Fighting
  5148 | D:7      | Reached skill level 9 in Unarmed Combat
  5482 | D:7      | Noticed Duvessa
  5494 | D:7      | Killed Duvessa
  5499 | D:7      | Noticed Dowan
  5503 | D:7      | Killed Dowan
  5642 | D:7      | Noticed Pikel
  5646 | D:7      | Killed Pikel
  5647 | D:7      | Reached skill level 8 in Fighting
  5647 | D:7      | Reached skill level 10 in Unarmed Combat
  5896 | D:7      | Found a runed translucent door.
  5897 | D:7      | Noticed Crazy Yiuf
  5993 | D:7      | Killed Crazy Yiuf
  6268 | D:8      | Reached XP level 10. HP: 99/105 MP: 9/9
  6312 | D:8      | Noticed Prince Ribbit
  6316 | D:8      | Killed Prince Ribbit
  6467 | D:8      | Noticed Grum
  6532 | D:8      | Killed Grum
  6765 | D:8      | Noticed Psyche
  6769 | D:8      | Killed Psyche
  6770 | D:8      | Reached skill level 9 in Fighting
  6812 | D:8      | Reached skill level 11 in Unarmed Combat
  7027 | D:8      | Found a runed translucent gate.
  7027 | D:8      | Found a runed translucent gate.
  7027 | D:8      | Found a runed translucent gate.
  7028 | D:8      | Noticed hattey's ghost (novice HuWn)
  7273 | D:9      | Noticed Erica
  7441 | D:9      | Noticed Harold
  7456 | D:9      | Paralysed by Harold for 3 turns
  7461 | D:9      | Killed Harold
  7517 | D:9      | Found Ewuweop's Antique Armour Shoppe.
  7564 | D:9      | Killed Erica
  7576 | D:9      | Identified the +0 ring mail of Viny Beauty {Int+3}
  7725 | D:9      | Found a staircase to the Lair.
  7729 | D:9      | Reached skill level 10 in Fighting
  7729 | D:9      | Reached skill level 12 in Unarmed Combat
  7742 | D:9      | Reached XP level 11. HP: 111/117 MP: 10/10
  7778 | D:9      | Found Leilu's Jewellery Emporium.
  7786 | D:9      | Bought an amulet of reflection for 450 gold pieces
  7859 | D:9      | Found Matam's General Store.
  7866 | D:9      | Found a staircase to the Orcish Mines.
  7918 | D:9      | Found Duimym's Armour Emporium.
  7938 | D:9      | Reached ** piety under the Shining One
  8003 | D:9      | Found a hazy altar of Hepliaklqana.
  8188 | Lair:1   | Entered Level 1 of the Lair of Beasts
  8247 | Lair:1   | Reached skill level 11 in Fighting
  8285 | Lair:1   | Noticed a death yak
  8300 | D:9      | Killed a death yak
  8475 | Lair:1   | Reached skill level 12 in Fighting
  8479 | Lair:1   | Reached skill level 1 in Shields
  8550 | Lair:1   | Reached skill level 2 in Shields
  8612 | Lair:1   | Noticed Fannar
  8624 | Lair:1   | HP: 16/123 [Fannar/bolt of cold (39)]
  8756 | Lair:1   | Killed Fannar
  8757 | Lair:1   | Reached skill level 3 in Shields
  8928 | Lair:1   | Noticed Nergalle
  8937 | Lair:1   | Killed Nergalle
  8938 | Lair:1   | Reached skill level 4 in Shields
  8938 | Lair:1   | Reached XP level 12. HP: 127/132 MP: 11/11
  9033 | Lair:1   | Noticed Sonja
  9040 | Lair:1   | Killed Sonja
  9223 | Lair:1   | Reached skill level 5 in Shields
  9376 | Lair:2   | Found a staircase to the Shoals.
  9558 | Lair:2   | Reached *** piety under the Shining One
  9744 | Lair:2   | Noticed a six-headed hydra
  9817 | Lair:1   | Reached skill level 6 in Shields
  9966 | Orc:1    | Entered Level 1 of the Orcish Mines
 10064 | Orc:2    | Entered Level 2 of the Orcish Mines
 10065 | Orc:2    | Identified the +5 kite shield of Tartarus {rC+ Int+3}
 10065 | Orc:2    | Noticed Donald
 10098 | Orc:2    | Killed Donald
 10099 | Orc:2    | Reached skill level 5 in Throwing
 10173 | Orc:2    | Found Ivo Ofor's CLEARANCE SALE!.
 10181 | Orc:2    | Bought a wand of warping (4) for 28 gold pieces
 10181 | Orc:2    | Bought a wand of paralysis (4) for 28 gold pieces
 10181 | Orc:2    | Bought a scroll of identify for 6 gold pieces
 10181 | Orc:2    | Bought a potion of haste for 30 gold pieces
 10230 | Orc:2    | Reached skill level 6 in Throwing
 10251 | Orc:2    | Noticed Josephine
 10275 | Orc:2    | Killed Josephine
 10342 | Orc:2    | Found a staircase to the Elven Halls.
 10378 | Orc:2    | Reached skill level 7 in Throwing
 10579 | Orc:2    | Found a roughly hewn altar of Beogh.
 10777 | Orc:2    | Noticed an orc high priest
 10872 | Orc:2    | Killed an orc high priest
 10873 | Orc:2    | Reached skill level 8 in Throwing
 10884 | Orc:2    | Reached **** piety under the Shining One
 10934 | Orc:2    | Reached XP level 13. HP: 141/141 MP: 12/12
 11092 | Orc:2    | Reached skill level 9 in Throwing
 11458 | Orc:2    | Reached skill level 10 in Throwing
 11957 | Orc:2    | Noticed Azrael
 11966 | Orc:2    | Reached ***** piety under the Shining One
 11975 | Orc:2    | Killed Azrael
 12124 | Orc:2    | Found Xunuc's Armour Emporium.
 12129 | Orc:2    | Found Segro's Distillery.
 12136 | Orc:2    | Found Toppasse's Distillery.
 12138 | Orc:2    | Found Yrialea's Magic Scroll Emporium.
 12160 | Orc:2    | Bought a scroll of enchant armour for 135 gold pieces
 12392 | Lair:2   | Reached skill level 11 in Throwing
 12909 | D:9      | Bought 4 curare-tipped darts for 57 gold pieces
 13341 | D:8      | Killed hattey's ghost
 13342 | D:8      | Reached skill level 12 in Throwing
 13681 | Lair:3   | Got the Compilation of the Curious Invaders
 14157 | Lair:3   | Reached skill level 7 in Shields
 14521 | Lair:3   | Found a staircase to the Snake Pit.
 15006 | Lair:4   | Reached skill level 8 in Shields
 15142 | Lair:4   | Reached XP level 14. HP: 150/150 MP: 13/13
 15691 | Lair:4   | Reached skill level 9 in Shields
 15893 | Lair:5   | Entered Level 5 of the Lair of Beasts
 16136 | Lair:5   | Reached skill level 10 in Shields
 16411 | Lair:5   | Paralysed by a chaos spawn for 1 turns
 16599 | Lair:5   | Reached skill level 11 in Shields
 16621 | Lair:5   | Found a staircase to the Slime Pits.
 17185 | Lair:5   | Reached skill level 12 in Shields
 17234 | Lair:5   | Reached ****** piety under the Shining One
 17269 | Lair:5   | Reached skill level 1 in Armour
 17281 | Lair:5   | Found a corrupted altar of Lugonu.
 17281 | Lair:5   | Found a one-way gate to the infinite horrors of the Abyss.
 17609 | D:10     | Entered Level 10 of the Dungeon
 17658 | D:10     | Found a flagged portal.
 17677 | Bailey   | Entered a bailey
 17702 | Bailey   | Reached skill level 1 in Invocations
 17750 | Bailey   | Learned a level 4 spell: Dimensional Bullseye
 17755 | Bailey   | Learned a level 4 spell: Manifold Assault
 17785 | Bailey   | Reached skill level 2 in Invocations
 17888 | Bailey   | Reached skill level 3 in Invocations
 18240 | D:10     | Reached skill level 4 in Invocations
 18901 | D:11     | Reached XP level 15. HP: 152/158 MP: 17/17
 18909 | D:11     | Reached skill level 5 in Invocations
 19391 | D:12     | Noticed Nessos
 19394 | D:12     | Killed Nessos
 19612 | D:12     | Reached skill level 6 in Invocations
 20067 | D:12     | Found a basalt altar of Yredelemnul.
 20510 | D:12     | Reached skill level 7 in Invocations
 20645 | D:13     | Noticed Urug
 20655 | D:13     | Killed Urug
 21066 | D:13     | Found Uffaw's Neck Hole.
 21218 | D:13     | Noticed Erolcha
 21220 | D:13     | Killed Erolcha
 21282 | D:14     | Reached skill level 8 in Invocations
 21620 | D:14     | Reached skill level 9 in Invocations
 21809 | D:14     | Found a gate to the Vaults.
 22000 | D:14     | Found an ornate altar of the Wu Jian Council.
 22108 | D:14     | Found a radiant altar of Vehumet.
 22249 | D:15     | Entered Level 15 of the Dungeon
 22297 | D:15     | Found a gate leading to a gauntlet.
 22315 | Gauntlet | Entered a Gauntlet
 22315 | Gauntlet | Found a transporter.
 22321 | Gauntlet | Found a transporter.
 22322 | Gauntlet | Found a transporter.
 22327 | Gauntlet | Found a transporter.
 22331 | Gauntlet | Found a transporter.
 22335 | Gauntlet | Found a transporter.
 22343 | Gauntlet | Found a transporter.
 22347 | Gauntlet | Found a transporter.
 22351 | Gauntlet | Found a runed translucent door.
 22351 | Gauntlet | Found a runed translucent door.
 22355 | Gauntlet | Found a transporter.
 22359 | Gauntlet | Found a transporter.
 22367 | Gauntlet | Found a transporter.
 22388 | Gauntlet | Found a transporter.
 22400 | Gauntlet | Found a transporter.
 22413 | Gauntlet | Found a transporter.
 22702 | Gauntlet | Reached skill level 10 in Invocations
 22710 | Gauntlet | Identified the +1 hat "Geur" {rPois Will+ Dex+4}
 22900 | Gauntlet | Identified the +0 chain mail "Tashis" {Dex+2}
 22900 | Gauntlet | Identified the ring "Toxexkagh" {rC++ Str-2 Dex+6}
 22901 | Gauntlet | Got the Cyclopedia of Molten Metal
 23050 | D:15     | Found a sacrificial altar of Ru.
 23254 | D:15     | Reached skill level 11 in Invocations
 23637 | D:15     | Found a staircase to the Depths.
 24127 | Shoals:1 | Entered Level 1 of the Shoals
 24127 | Shoals:1 | Noticed Roxanne
 24128 | Shoals:1 | Found an ornate altar of the Wu Jian Council.
 24164 | Shoals:1 | Killed Roxanne
 24165 | Shoals:1 | Reached skill level 12 in Invocations
 24165 | Shoals:1 | Reached XP level 16. HP: 130/167 MP: 22/24
 24282 | Shoals:1 | Noticed Kirke
 24312 | Lair:2   | Reached skill level 1 in Translocations
 24387 | Shoals:1 | Reached skill level 1 in Hexes
 24491 | Shoals:1 | Killed Kirke
 24523 | Shoals:1 | Found an ornate altar of the Wu Jian Council.
 24549 | Shoals:1 | Reached skill level 2 in Translocations
 24556 | Shoals:1 | Reached skill level 2 in Hexes
 24958 | Shoals:1 | Found Neism's Jewellery Shop.
 24966 | Shoals:1 | Reached skill level 3 in Translocations
 25237 | Shoals:1 | Reached skill level 3 in Hexes
 25564 | Shoals:2 | Reached skill level 4 in Translocations
 25888 | Shoals:2 | Reached skill level 4 in Hexes
 26493 | Shoals:3 | HP: 38/167 [merfolk/+0 trident[a merfolk javelineer] (7)]
 26495 | Shoals:3 | Reached skill level 5 in Translocations
 26544 | Shoals:3 | Noticed Mlioglotl
 26693 | Shoals:3 | Reached skill level 5 in Hexes
 27041 | Shoals:3 | Reached skill level 6 in Translocations
 27091 | Shoals:3 | Killed Mlioglotl
 27199 | Shoals:3 | Reached XP level 17. HP: 111/175 MP: 25/25
 27332 | Shoals:3 | Reached skill level 6 in Hexes
 27428 | Shoals:4 | Entered Level 4 of the Shoals
 27664 | Shoals:4 | Paralysed by an air elemental for 1 turns
 27809 | Shoals:4 | Paralysed by an air elemental for 1 turns
 27818 | Shoals:4 | HP: 41/175 [merfolk javelineer/javelin (19)]
 27819 | Shoals:4 | HP: 18/175 [merfolk javelineer/javelin (24)]
 27993 | Shoals:4 | Reached skill level 7 in Translocations
 28102 | Shoals:4 | HP: 42/175 [harpy (11)]
 28235 | Shoals:4 | Reached skill level 7 in Hexes
 28247 | Shoals:4 | Reached skill level 13 in Unarmed Combat
 28347 | Shoals:4 | Reached skill level 2 in Armour
 28587 | Shoals:4 | Reached skill level 3 in Armour
 28595 | Shoals:4 | HP: 34/175 [snapping turtle (22)]
 28709 | Shoals:4 | Identified the ring of Eleeprao {rF++ rC- rN+ Str+6 SInv}
 28712 | Shoals:4 | Reached skill level 13 in Fighting
 28873 | Shoals:4 | Reached skill level 4 in Armour
 28873 | Shoals:4 | Paralysed by an air elemental for 1 turns
 28878 | Shoals:4 | Paralysed by an air elemental for 1 turns
 28879 | Shoals:4 | HP: 33/176 [merfolk impaler/+2 demon trident of
                  | electrocution (18)]
 28886 | Shoals:4 | HP: 35/176 [merfolk impaler/+2 demon trident of
                  | electrocution (6)]
 28888 | Shoals:4 | HP: 11/176 [merfolk javelineer/javelin (10)]
 28890 | Shoals:4 | Hit by a javelin thrown by a merfolk javelineer

Illustrated notes

Levels and vault maps discovered:
D:1:      psy_arrival_statuary, layout_rooms
D:2:      layout_basic
D:3:      minmay_chambers_of_twos, layout_basic, ashenzari_altar_1,
          serial_shops, nicolae_shop_mannequins
D:4:      layout_loops_ring, zin_treasury, grunt_dithmenos_smoke
D:5:      layout_basic, tgw_sif, minmay_misc_feat_secret_circle
D:6:      layout_loops_cross, minmay_temple_entry_statues_fountains
D:7:      layout_basic, interstate_on_off, uniq_jeremiah, uniq_pikel,
          uniq_crazy_yiuf_cottage, uniq_maggie, uniq_duvessa
D:8:      layout_basic, gammafunk_ghost_necromancy, uniq_prince_ribbit1,
          uniq_grum, uniq_psyche
D:9:      layout_roguey, nzn_hepliaklqana_mist_gate, dpeg_lair_monsters,
          minmay_orc_entry_guard_dogs, serial_shops, nicolae_shop_trees, shop,
          nicolae_shop_real_fake_doors, shop, uniq_erica, uniq_harold
D:10:     minmay_distorted_concentric_squares, layout_stronghold, enter_bailey_4
D:11:     layout_basic, minmay_hedge_maze
D:12:     layout_basic, yredelemnul_forgotten_temple_becter, uniq_nessos
D:13:     layout_basic, nicolae_shop_sticking_my_neck_out, uniq_urug,
          uniq_erolcha
D:14:     layout_rooms, hellmonk_vaults_order_and_chaos,
          nicolae_vehumet_altar_sigil, serial_demonic, serial_demonic_e,
          serial_demonic_c, serial_demonic_d, serial_demonic_a,
          nzn_wu_jian_council_hall
D:15:     gammafunk_enter_depths_forms, layout_irregular_city,
          nicolae_ru_awakened_eye, gauntlet_entry_generic
Temple:   minmay_crystal_spiral_temple
Lair:1:   layout_gridlike, minivault_24, uniq_nergalle, uniq_sonja, uniq_fannar
Lair:2:   layout_loops_ring, elwin_shoals_entry_rocks, worms_lemuel
Lair:3:   cheibrodos_magma_flow, layout_cave_pods, nicolae_snake_entry_squirm,
          infiniplex_staircase_pool_2
Lair:4:   layout_concentric_octagons, lemuel_fruit_tree, grunt_megastairs_4,
          serial_bayou_shore_a
Lair:5:   hellmonk_lair_end_abyssal_woods, layout_gridlike, slime_entry_1,
          st_stairs_8, hibernation_bobbens
Shoals:1: layout_shoals, serial_shops, nicolae_shop_trees,
          hangedman_feature_mirror, uniq_kirke, uniq_roxanne
Shoals:2: layout_shoals, nicolae_shoals_wave_tunnel
Shoals:3: cheibrodos_shoals_three_sisters, layout_shoals, uniq_mlioglotl
Shoals:4: shoals_end_hellmonk_storm_palace [storm_palace_center_square,
          storm_palace_corner_narrow, storm_palace_corner_narrow,
          storm_palace_corner_pillars, storm_palace_corner_reverse_hut]
Orc:1:    layout_caves
Orc:2:    st_orc_elflike, layout_diamond_mine, basic_altar,
          nicolae_shop_clearance, uniq_azrael, uniq_josephine, uniq_donald

Skill      XL: |  1  2  3  4  5  6  7  8  9 10 11 12 13 14 15 16 17 |
---------------+----------------------------------------------------+-----
Throwing       | 2 3 4 8 12 | 12.0
Fighting       | 2 3 5 6 8 10 12 13 | 13.0
Unarmed Combat | 4 5 6 8 10 12 13 | 13.0
Shields        | 4 6 8 12 | 12.0
Armour         | 1 4 |  4.1
Invocations    | 4 12 | 12.0
Translocations | 6 7 |  7.0
Hexes          | 5 7 |  7.0
Dodging        | |  2.4

Action                     |  1- 3 |  4- 6 |  7- 9 | 10-12 | 13-15 | 16-18 || total
---------------------------+-------+-------+-------+-------+-------+-------++-------
  Melee: Unarmed           |    82 |   138 |   271 |   590 |  1462 |   671 ||  3214
         Punch             |     1 |     5 |    14 |     5 |       |       ||    25
  Throw: Large rock        |     1 |       |     4 |     2 |    25 |    24 ||    56
         Boomerang         |       |     7 |     9 |     7 |    40 |   218 ||   281
         Throwing net      |       |       |       |     3 |       |       ||     3
         Javelin           |       |       |       |       |       |     5 ||     5
 Invoke: Divine Shield     |       |       |     3 |     2 |     1 |     2 ||     8
         Cleansing Flame   |       |       |       |       |       |     6 ||     6
         Summon Divine War |       |       |       |       |       |     1 ||     1
  Evoke: Wand              |       |       |     7 |     7 |       |       ||    14
    Use: Scroll            |       |       |       |    20 |    16 |     4 ||    40
         Potion            |       |       |       |     2 |     1 |     1 ||     4
   Stab: Sleeping          |     1 |     1 |       |       |       |       ||     2
 Armour: Robe              |    42 |    42 |    96 |    28 |   460 |   357 ||  1025
         Acid dragon scale |       |       |    54 |   320 |    73 |    12 ||   459
         Skin              |       |       |       |     8 |       |       ||     8
  Dodge: Dodged            |    78 |   102 |   166 |   278 |   355 |   166 ||  1145
  Block: Other             |       |       |     2 |       |       |       ||     2
         Kite shield       |       |       |       |   391 |  1540 |   752 ||  2683
         Reflection        |       |       |       |    15 |    74 |    57 ||   146

Table legend: (Time is in decaauts)
 A = Elapsed time spent in this place.
 B = Non-inter-level travel time spent in this place.
 C = Inter-level travel time spent in this place.
 D = Time resting spent in this place.
 E = Time spent auto-exploring this place.
 F = Levels seen in this place.
 G = Mean time per level.
                   A        B        C        D        E       F      G
               +--------+--------+--------+--------+--------+-----+--------+
         Total |  28471 |  25039 |   3432 |    308 |  17683 |  29 |  981.8 |
       Dungeon |  14326 |  12325 |   2001 |    101 |   9245 |  15 |  955.1 |
        Temple |     84 |      2 |     82 |      0 |      0 |   1 |   84.0 |
          Lair |   6474 |   5712 |    762 |    167 |   4055 |   5 | 1294.8 |
        Shoals |   4547 |   4280 |    267 |     40 |   2893 |   4 | 1136.8 |
  Orcish Mines |   2234 |   1915 |    319 |      0 |   1099 |   2 | 1117.0 |
        Bailey |    224 |    224 |      0 |      0 |    101 |   1 |  224.0 |
      Gauntlet |    579 |    579 |      0 |      0 |    290 |   1 |  579.0 |
               +--------+--------+--------+--------+--------+-----+--------+

Top non-repeatable levels by time:
   Orc:2: 1790 daAuts
  Lair:1: 1756 daAuts
     D:7: 1470 daAuts
     D:8: 1379 daAuts
  Lair:5: 1369 daAuts
Shoals:3: 1317 daAuts
  Lair:3: 1279 daAuts
Shoals:4: 1191 daAuts
    D:13: 1144 daAuts
Shoals:1: 1103 daAuts
  Lair:4: 1089 daAuts
    D:12: 1084 daAuts
     D:9: 1079 daAuts
    D:15: 1010 daAuts
     D:6: 1007 daAuts

Levels and vault maps discovered:
D:1:      psy_arrival_statuary, layout_rooms
D:2:      layout_basic
D:3:      minmay_chambers_of_twos, layout_basic, ashenzari_altar_1,
          serial_shops, nicolae_shop_mannequins
D:4:      layout_loops_ring, zin_treasury, grunt_dithmenos_smoke
D:5:      layout_basic, tgw_sif, minmay_misc_feat_secret_circle
D:6:      layout_loops_cross, minmay_temple_entry_statues_fountains
D:7:      layout_basic, interstate_on_off, uniq_jeremiah, uniq_pikel,
          uniq_crazy_yiuf_cottage, uniq_maggie, uniq_duvessa
D:8:      layout_basic, gammafunk_ghost_necromancy, uniq_prince_ribbit1,
          uniq_grum, uniq_psyche
D:9:      layout_roguey, nzn_hepliaklqana_mist_gate, dpeg_lair_monsters,
          minmay_orc_entry_guard_dogs, serial_shops, nicolae_shop_trees, shop,
          nicolae_shop_real_fake_doors, shop, uniq_erica, uniq_harold
D:10:     minmay_distorted_concentric_squares, layout_stronghold, enter_bailey_4
D:11:     layout_basic, minmay_hedge_maze
D:12:     layout_basic, yredelemnul_forgotten_temple_becter, uniq_nessos
D:13:     layout_basic, nicolae_shop_sticking_my_neck_out, uniq_urug,
          uniq_erolcha
D:14:     layout_rooms, hellmonk_vaults_order_and_chaos,
          nicolae_vehumet_altar_sigil, serial_demonic, serial_demonic_e,
          serial_demonic_c, serial_demonic_d, serial_demonic_a,
          nzn_wu_jian_council_hall
D:15:     gammafunk_enter_depths_forms, layout_irregular_city,
          nicolae_ru_awakened_eye, gauntlet_entry_generic
Temple:   minmay_crystal_spiral_temple
Lair:1:   layout_gridlike, minivault_24, uniq_nergalle, uniq_sonja, uniq_fannar
Lair:2:   layout_loops_ring, elwin_shoals_entry_rocks, worms_lemuel
Lair:3:   cheibrodos_magma_flow, layout_cave_pods, nicolae_snake_entry_squirm,
          infiniplex_staircase_pool_2
Lair:4:   layout_concentric_octagons, lemuel_fruit_tree, grunt_megastairs_4,
          serial_bayou_shore_a
Lair:5:   hellmonk_lair_end_abyssal_woods, layout_gridlike, slime_entry_1,
          st_stairs_8, hibernation_bobbens
Shoals:1: layout_shoals, serial_shops, nicolae_shop_trees,
          hangedman_feature_mirror, uniq_kirke, uniq_roxanne
Shoals:2: layout_shoals, nicolae_shoals_wave_tunnel
Shoals:3: cheibrodos_shoals_three_sisters, layout_shoals, uniq_mlioglotl
Shoals:4: shoals_end_hellmonk_storm_palace [storm_palace_center_square,
          storm_palace_corner_narrow, storm_palace_corner_narrow,
          storm_palace_corner_pillars, storm_palace_corner_reverse_hut]
Orc:1:    layout_caves
Orc:2:    st_orc_elflike, layout_diamond_mine, basic_altar,
          nicolae_shop_clearance, uniq_azrael, uniq_josephine, uniq_donald

Table legend: (Time is in decaauts)
 A = Elapsed time spent in this place.
 B = Non-inter-level travel time spent in this place.
 C = Inter-level travel time spent in this place.
 D = Time resting spent in this place.
 E = Time spent auto-exploring this place.
 F = Levels seen in this place.
 G = Mean time per level.
                   A        B        C        D        E       F      G
               +--------+--------+--------+--------+--------+-----+--------+
         Total |  28471 |  25039 |   3432 |    308 |  17683 |  29 |  981.8 |
       Dungeon |  14326 |  12325 |   2001 |    101 |   9245 |  15 |  955.1 |
        Temple |     84 |      2 |     82 |      0 |      0 |   1 |   84.0 |
          Lair |   6474 |   5712 |    762 |    167 |   4055 |   5 | 1294.8 |
        Shoals |   4547 |   4280 |    267 |     40 |   2893 |   4 | 1136.8 |
  Orcish Mines |   2234 |   1915 |    319 |      0 |   1099 |   2 | 1117.0 |
        Bailey |    224 |    224 |      0 |      0 |    101 |   1 |  224.0 |
      Gauntlet |    579 |    579 |      0 |      0 |    290 |   1 |  579.0 |
               +--------+--------+--------+--------+--------+-----+--------+

Top non-repeatable levels by time:
   Orc:2: 1790 daAuts
  Lair:1: 1756 daAuts
     D:7: 1470 daAuts
     D:8: 1379 daAuts
  Lair:5: 1369 daAuts
Shoals:3: 1317 daAuts
  Lair:3: 1279 daAuts
Shoals:4: 1191 daAuts
    D:13: 1144 daAuts
Shoals:1: 1103 daAuts
  Lair:4: 1089 daAuts
    D:12: 1084 daAuts
     D:9: 1079 daAuts
    D:15: 1010 daAuts
     D:6: 1007 daAuts

Table legend:
 A = Kills in this place as a percentage of kills in the entire game.
 B = Kills by you in this place as a percentage of kills by you in the entire game.
 C = Kills by friends in this place as a percentage of kills by friends in the entire game.
 D = Other kills in this place as a percentage of other kills in the entire game.
 E = Experience gained in this place as a percentage of experience gained in the entire game.
 F = Experience gained in this place divided by the number of levels of this place that you have seen.
                   A       B       C       D       E      F
               +-------+-------+-------+-------+-------+----------------------
         Total | 100.0 | 100.0 |   N/A | 100.0 | 100.0 | 8651.2
       Dungeon |  42.5 |  42.6 |   N/A |  25.0 |  25.6 | 4276.3
          Lair |  20.6 |  20.6 |   N/A |  25.0 |  22.5 | 11269.6
        Shoals |  20.2 |  20.1 |   N/A |  50.0 |  39.2 | 24594.2
  Orcish Mines |  11.6 |  11.7 |   N/A |   0.0 |   8.4 | 10490.5
        Bailey |   2.7 |   2.7 |   N/A |   0.0 |   1.7 | 4291.0
      Gauntlet |   2.3 |   2.3 |   N/A |   0.0 |   2.7 | 6742.0
               +-------+-------+-------+-------+-------+----------------------
